 Dungeon Crawl Stone Soup version 0.30.1-3-gfc49f6343a (webtiles) character file.

Game seed: 13761265465992751543

2091 pendulumcrow the Chopper (level 9, -7/78 HPs)
             Began as a Purple Draconian Berserker on Aug 6, 2023.
             Was an Elder of Trog.
             Killed from afar by a steam dragon (16 damage)
             ... with a ball of steam
             ... on level 7 of the Dungeon.
             The game lasted 00:37:09 (4547 turns).

pendulumcrow the Chopper (DrBe)                     Turns: 4547, Time: 00:37:10

Health: -7/78      AC:  9    Str: 23    XL:     9   Next: 6%
Magic:  9/9        EV: 13    Int:  9    God:    Trog [****..]
Gold:   259        SH:  0    Dex: 10    Spells: 8/8 levels left

rFire   . . .        j - +1 great sword (vamp)
rCold   . . .        (shield currently unavailable)
rNeg    . . .        (body armour unavailable)
rPois   .            (helmet restricted)
rElec   .            h - +1 cloak
rCorr   .            (no gloves)
SInv    +            (no boots)
Will    +....        t - amulet of regeneration
Stlth   ++           k - ring of see invisible
HPRegen 1.13/turn    (no ring)
MPRegen 0.11/turn

%: no passive effects
@: no status effects
A: breathe power, AC +7, unfitting armour, cold-blooded
a: Breathe Dispelling Energy, Renounce Religion, Berserk, Trog's Hand, Brothers
in Arms


You were on level 7 of the Dungeon.
You worshipped Trog.
Trog was greatly pleased with you.
You visited 1 branch of the dungeon, and saw 7 of its levels.
You also visited: Sewer and Bailey.

You collected 259 gold pieces.

Inventory:

Hand Weapons
 d - a +4 hand axe
 j - a +1 vampiric great sword (weapon)
Armour
 h - a +1 cloak (worn)
Jewellery
 c - a ring of protection from fire
 k - a ring of see invisible (left hand)
 t - an amulet of regeneration (around neck)
Scrolls
 f - 2 scrolls of amnesia {unknown}
 l - a scroll of poison
 u - a scroll of magic mapping
 v - 3 scrolls of teleportation
Potions
 b - 4 potions of flight
 i - 2 potions of attraction
 p - a potion of cancellation
 q - a potion of brilliance
 r - 2 potions of mutation {unknown}
 s - a potion of magic {unknown}


   Skills:
 + Level 6.8 Fighting
 + Level 0.5 Long Blades
 + Level 7.9(8.4) Axes
 + Level 4.0(6.5) Maces & Flails
 + Level 5.7 Dodging
 + Level 2.5 Stealth


You had 8 spell levels left.
You didn't know any spells.
Your spell library contained the following spells:

 Spells                   Type           Power      Damage    Failure   Level
 Kiss of Death            Conj/Necr      0%         2d5       38%         1
 Summon Small Mammal      Summ           0%         N/A       38%         1
 Call Canine Familiar     Summ           0%         N/A       77%         3
 Confusing Touch          Hex            0%         N/A       77%         3
 Dazzling Flash           Conj/Hex       0%         N/A       77%         3
 Stone Arrow              Conj/Erth      0%         3d7       77%         3
 Summon Guardian Golem    Hex/Summ       0%         N/A       77%         3
 Volatile Blastmotes      Fire/Tloc      0%         2d10      77%         3
 Dispel Undead            Necr           0%         3d6       99%         4
 Iskenderun's Mystic Bla  Conj/Tloc      0%         2d3       99%         4
 Starburst                Conj/Fire      0%         6d3       100%        6
 Lehudib's Crystal Spear  Conj/Erth      0%         10d2      100%        8
 Animate Armour           Summ/Erth      Unusable   N/A       N/A         4

Dungeon Overview and Level Annotations

Branches:
Dungeon (7/15)              Sewer (visited)          Bailey (visited)
 Temple: D:4-7

Altars:
Elyvilon
Zin


Innate Abilities, Weirdness & Mutations

You can breathe bolts of dispelling energy.
Your rich purple scales are hard. (AC +7)
You cannot fit into any form of body armour.
You are cold-blooded and may be slowed by cold attacks.


Message History

The steam dragon closely misses you.
You hear a shout!
You barely miss the steam dragon. The steam dragon bites you.
The steam dragon claws you.
The orc is engulfed in a cloud of scalding steam.
The orc dies!
You barely miss the steam dragon. The steam dragon breathes steam at you.
The ball of steam hits you!
The steam dragon bites you but does no damage.
The steam dragon claws you.
You barely miss the steam dragon. You tail-slap the steam dragon.
The steam dragon is lightly wounded.
You are engulfed in a cloud of scalding steam.
The steam dragon closely misses you. The steam dragon claws you.
The steam dragon bites you but does no damage.
The steam dragon claws you but does no damage.
You closely miss the steam dragon.
The steam dragon is lightly wounded.
You are engulfed in a cloud of scalding steam.
An orc comes into view. It is wielding a +0 whip.
The steam dragon closely misses you. The steam dragon barely misses you.
An orc wizard comes into view. It is wielding a +0 dagger.
The steam dragon barely misses you.
The steam dragon claws you but does no damage.
The orc moves out of view.
You hit the steam dragon but do no damage.
The steam dragon is lightly wounded.
The steam dragon breathes steam at you. The ball of steam hits you!!
* * * LOW HITPOINT WARNING * * *
You hear a shout!
The steam dragon attacks as you move away!
The steam dragon misses you.
The steam dragon claws you but does no damage.
You are engulfed in a cloud of scalding steam.
* * * LOW HITPOINT WARNING * * *
The steam dragon breathes steam at you. The ball of steam hits you!
You die...

# . ##### ###.
####...# ##§§#
.....<.# #..§#
....#..## #.§@#
........# #..§##
#####...#
##.D)######
..####...#
#........? ...#
#..## ##........
...## #..##
##........ #...#
#...####>....o###
##..##
#...##..........
##..#
#...............


You could see a steam dragon (catching breath) and an orc wizard.

Vanquished Creatures
  Prince Ribbit (D:6)
  Sigmund (D:2)
  2 steam dragons (D:6)
  Menkaure (D:4)
  2 water moccasins (D:5)
  An ice beast (D:6)
  A black bear (D:4)
  A sky beast (D:6)
  2 ogres (D:6)
  A kobold brigand (D:6)
  A bullfrog (D:6)
  A scorpion (D:4)
  A hound (D:5)
  2 jellies (Sewer)
  Crazy Yiuf (D:2)
  Jessica (D:2)
  An iguana (D:5)
  Natasha (twice) (D:3)
  An orc wizard (D:6)
  4 gnolls (D:4)
  12 adders
  A river rat (Sewer)
  An ufetubus (D:6)
  4 worms
  3 dart slugs
  4 orcs
  6 bats
  13 endoplasms
  12 giant cockroaches
  8 hobgoblins
  7 jackals
  4 quokkas
  10 ball pythons
  7 frilled lizards
  12 goblins
  8 kobolds
  9 rats
149 creatures vanquished.

Vanquished Creatures (others)
  An orc (D:7)
1 creature vanquished.

Grand Total: 150 creatures vanquished

Notes
Turn   | Place    | Note
-------+----------+-------------------------------------------
     0 | D:1      | pendulumcrow the Draconian Berserker began the quest for
                  | the Orb.
     0 | D:1      | Reached XP level 1. HP: 19/19 MP: 1/1
   268 | D:1      | Reached XP level 2. HP: 19/26 MP: 2/2
   708 | D:2      | Reached XP level 3. HP: 30/33 MP: 3/3
   731 | D:2      | Found a glowing silver altar of Zin.
   741 | D:2      | Reached ** piety under Trog
   800 | D:2      | Noticed Jessica
   806 | D:2      | Killed Jessica
   807 | D:2      | Reached skill level 1 in Axes
   862 | D:2      | Reached XP level 4. HP: 23/40 MP: 4/4
  1003 | D:2      | Noticed Sigmund
  1020 | D:2      | Killed Sigmund
  1021 | D:2      | Reached skill level 3 in Axes
  1021 | D:2      | Reached XP level 5. HP: 37/47 MP: 5/5
  1325 | D:2      | Reached XP level 6. HP: 51/55 MP: 6/6
  1374 | D:2      | Found a runed translucent door.
  1375 | D:2      | Noticed Crazy Yiuf
  1381 | D:2      | Killed Crazy Yiuf
  1491 | D:2      | Reached skill level 1 in Stealth
  1509 | D:3      | Noticed Natasha
  1523 | D:3      | Killed Natasha
  1842 | D:3      | Noticed Natasha
  1850 | D:3      | Killed Natasha
  1851 | D:3      | Reached skill level 5 in Fighting
  1905 | D:4      | Noticed Menkaure
  1920 | D:4      | Killed Menkaure
  1921 | D:4      | Reached skill level 4 in Axes
  1921 | D:4      | Your scales start taking on a rich purple colour.
  1921 | D:4      | Reached XP level 7. HP: 24/61 MP: 7/7
  1936 | D:4      | Found a glowing drain.
  1977 | Sewer    | Entered a sewer
  2019 | Sewer    | Reached *** piety under Trog
  2107 | Sewer    | Found a viscous altar of Jiyva.
  2395 | D:4      | Reached skill level 5 in Axes
  2398 | D:4      | Reached **** piety under Trog
  3020 | D:5      | Entered Level 5 of the Dungeon
  3184 | D:5      | Reached skill level 6 in Axes
  3184 | D:5      | Reached XP level 8. HP: 69/70 MP: 8/8
  3638 | D:6      | Found a white marble altar of Elyvilon.
  3670 | D:6      | Reached skill level 7 in Axes
  3670 | D:6      | Reached skill level 5 in Dodging
  4268 | D:6      | Noticed Prince Ribbit
  4315 | D:6      | Killed Prince Ribbit
  4316 | D:6      | Reached XP level 9. HP: 46/78 MP: 9/9
  4387 | D:7      | Found a flagged portal.
  4398 | Bailey   | Entered a bailey
  4428 | Bailey   | HP: 3/78 [orc warrior/+0 trident (8)]
  4547 | D:7      | Killed from afar by a steam dragon

Illustrated notes

Levels and vault maps discovered:
D:1:      dpeg_cavernosity, layout_basic, minmay_pentomino_x2
D:2:      layout_basic, basic_altar, uniq_crazy_yiuf_cottage, uniq_jessica,
          uniq_sigmund
D:3:      layout_rooms, uniq_natasha
D:4:      layout_basic, cheibrodos_sewer_entry_drain, uniq_menkaure
D:5:      layout_cave_pools
D:6:      layout_gridville, elyvilon_altar_5, uniq_prince_ribbit1
D:7:      layout_layer_cave, nicolae_kikubaaqudgha_miasma_corner,
          temple_fountains, enter_bailey_1

Skill      XL: |  1  2  3  4  5  6  7  8 |
---------------+-------------------------+-----
Dodging        | 3 4 5 |  5.7
Fighting       | 4 5 6 |  6.8
Axes           | 1 3 4 6 7 |  7.9
Maces & Flails | 4 |  4.0
Stealth        | 1 2 |  2.5
Long Blades    | |  0.5

Action                     |  1- 3 |  4- 6 |  7- 9 || total
---------------------------+-------+-------+-------++-------
  Melee: Mace              |    27 |       |       ||    27
         Tailslap          |    12 |    11 |    25 ||    48
         Hand axe          |    45 |   102 |   259 ||   406
         Punch             |       |     2 |     1 ||     3
         Great sword       |       |       |    39 ||    39
    Use: Potion            |       |     2 |    11 ||    13
         Scroll            |       |       |     9 ||     9
   Stab: Sleeping          |       |       |     1 ||     1
 Armour: Skin              |    20 |    27 |    93 ||   140
  Dodge: Dodged            |    41 |    75 |   185 ||   301
